 Dungeon Crawl Stone Soup version 0.29-a0-22-gbf593b16ee (webtiles) character file.

Game seed: 4559809891217858430

1187 horus123 the Covered (level 8, -7/68 HPs)
             Began as a Hill Orc Monk on Jan 30, 2022.
             Mangled by Menkaure (12 damage)
             ... on level 5 of the Dungeon.
             The game lasted 00:07:23 (4602 turns).

horus123 the Covered (Hill Orc Monk)                Turns: 4602, Time: 00:07:24

Health: -7/68      AC: 20    Str: 16    XL:     8   Next: 43%
Magic:  8/8        EV:  6    Int: 10    God:
Gold:   193        SH:  9    Dex: 13    Spells: 7/7 levels left

rFire   . . .      SeeInvis +   j - +2 mace (protect)
rCold   . . .      Faith    .   i - +0 kite shield
rNeg    . . .      Spirit   .   d - +0 chain mail
rPois   .          Reflect  .   m - +0 helmet
rElec   .          Harm     .   q - +0 cloak
rCorr   .          Rampage  .   (no gloves)
Will    .....                   (no boots)
Stlth   ..........              (no amulet)
HPRegen 0.21/turn               l - ring of see invisible
MPRegen 0.11/turn               (no ring)

@: under a protective aura
A: no striking features
a: no special abilities


You were on level 5 of the Dungeon.
You visited 1 branch of the dungeon, and saw 5 of its levels.

You collected 193 gold pieces.

Inventory:

Hand Weapons
 a - a +2 mace
 j - a +2 mace of protection (weapon)
 o - a +2 whip of flaming
Armour
 b - a +0 robe
 d - a +0 chain mail (worn)
 e - a +0 leather armour
 f - a +0 scale mail
 i - a +0 kite shield (worn)
 k - a +0 ring mail
 m - a +0 helmet (worn)
 q - a +0 cloak (worn)
Jewellery
 l - a ring of see invisible (left hand)
Wands
 p - a wand of digging (6)
Scrolls
 c - a scroll of teleportation {unknown}
Potions
 g - a potion of flight
 h - a potion of invisibility
 n - a potion of attraction {unknown}
 r - a potion of haste {unknown}
 s - a potion of might


   Skills:
 - Level 5.1 Fighting
 - Level 3.2 Maces & Flails
 + Level 7.8 Armour
 - Level 2.4 Dodging
 - Level 1.5 Stealth
 - Level 6.2 Shields


You had 7 spell levels left.
You didn't know any spells.
Your spell library was empty.

Dungeon Overview and Level Annotations

Branches:
Dungeon (5/15)
 Temple: D:4-7

Altars:

Annotations:
D:5 Menkaure


Message History

Menkaure closely misses you.
You hit Menkaure.
Menkaure is heavily damaged.
Menkaure hits you but does no damage.
Menkaure gestures wildly while chanting.
Menkaure seems to speed up.
You hit Menkaure but do no damage.
Menkaure is heavily damaged.
Menkaure calls on the powers of darkness!
Your body is wracked with pain!
You are too injured to fight recklessly!
You are too injured to fight recklessly!
You hit Menkaure but do no damage.
Menkaure is heavily damaged.
Menkaure hits you but does no damage.
Menkaure gestures at you while chanting.
Pain shoots through your body!
You hit Menkaure.
Menkaure is severely damaged.
Menkaure barely misses you. Menkaure hits you.
* * * LOW HITPOINT WARNING * * *
You hit Menkaure but do no damage.
Menkaure is severely damaged.
Menkaure closely misses you.
You hit Menkaure.
Menkaure is almost destroyed.
Menkaure gestures at you while chanting.
Pain shoots through your body!
* * * LOW HITPOINT WARNING * * *
Menkaure closely misses you.
You hit Menkaure.
Menkaure is almost destroyed.
Menkaure hits you!
* * * LOW HITPOINT WARNING * * *
Menkaure hits you.
* * * LOW HITPOINT WARNING * * *
You hit Menkaure but do no damage.
Menkaure is almost destroyed.
Menkaure hits you!
You die...

###############
#.............#
#.#####..####)
######### ###
#.#####..# #).....<.
..## #........####
#.####### ##.##
#.##......@.# #.# #.
###.###..#)##..##M# #.#
####<
...........##.......
#.# #....
.##.##.....##.........
#.# #.##.
##.####........##.###.#
#.# #.##. ..##
#.......## .# #
#.###.### ### ##.####.#
.# #........ #.# #.#
..# #####.### ##'##
##.## #.#


You could see Menkaure (fast).

Vanquished Creatures
  Pikel (D:4)
  Grinder (D:4)
  Pargi (D:3)
  A black bear (D:4)
  An ogre (D:4)
  Crazy Yiuf (D:4)
  2 hounds
  Jessica (D:2)
  An orc wizard (D:4)
  2 hound skeletons
  A howler monkey skeleton (D:4)
  4 gnolls
  2 adders (D:2)
  A dart slug (D:3)
  2 orcs
  4 bats
  8 endoplasms
  A giant cockroach (D:3)
  4 hobgoblins
  2 jackals (D:2)
  2 quokkas (D:1)
  6 ball pythons
  4 frilled lizards
  A goblin (D:2)
  9 kobolds
  2 rats
65 creatures vanquished.

Notes
Turn   | Place    | Note
-------+----------+-------------------------------------------
     0 | D:1      | horus123 the Hill Orc Monk began the quest for the Orb.
     0 | D:1      | Reached XP level 1. HP: 19/19 MP: 1/1
   706 | D:1      | Reached XP level 2. HP: 15/28 MP: 2/2
  1137 | D:2      | Reached skill level 5 in Fighting
  1137 | D:2      | Reached XP level 3. HP: 36/36 MP: 3/3
  1343 | D:2      | Reached skill level 1 in Armour
  1350 | D:2      | Reached skill level 2 in Armour
  1350 | D:2      | Reached XP level 4. HP: 29/42 MP: 4/4
  1504 | D:2      | Noticed Jessica
  1508 | D:2      | Killed Jessica
  1509 | D:2      | Reached skill level 3 in Armour
  2063 | D:3      | Noticed Pargi
  2070 | D:3      | Killed Pargi
  2071 | D:3      | Reached skill level 4 in Armour
  2071 | D:3      | Reached XP level 5. HP: 44/48 MP: 5/5
  2119 | D:3      | Reached skill level 5 in Armour
  2541 | D:3      | Found a faded altar of an unknown god.
  2619 | D:3      | Reached XP level 6. HP: 56/56 MP: 6/6
  2908 | D:4      | Noticed a black bear
  2919 | D:4      | Reached skill level 1 in Shields
  2922 | D:4      | Killed a black bear
  3406 | D:4      | Reached XP level 7. HP: 34/61 MP: 7/7
  3632 | D:4      | Noticed Grinder
  3651 | D:4      | Paralysed by Grinder for 3 turns
  3654 | D:4      | Killed Grinder
  4094 | D:4      | Noticed Pikel
  4135 | D:4      | Killed Pikel
  4136 | D:4      | Reached skill level 7 in Armour
  4136 | D:4      | Reached XP level 8. HP: 49/68 MP: 8/8
  4351 | D:4      | Found a runed translucent door.
  4352 | D:4      | Noticed Crazy Yiuf
  4360 | D:4      | Killed Crazy Yiuf
  4418 | D:5      | Entered Level 5 of the Dungeon
  4587 | D:5      | Noticed Menkaure
  4602 | D:5      | Mangled by Menkaure

Illustrated notes

Levels and vault maps discovered:
D:1:      dpeg_arrival_solitude, layout_basic, skrybe_limestone_x,
          patterned_corridor
D:2:      layout_basic, chequers_serial_rivers_room_b, moated_statue,
          uniq_jessica
D:3:      layout_basic, chequers_ecumenical_altar_twisty, minivault_23,
          nicolae_figureground_sparkle, uniq_pargi
D:4:      layout_cave_pools, uniq_crazy_yiuf_cottage, uniq_grinder, uniq_pikel
D:5:      kennysheep_windowed_halls, layout_loops_corners, uniq_menkaure

Skill      XL: |  1  2  3  4  5  6  7 |
---------------+----------------------+-----
Fighting       | 4 5 |  5.1
Armour         | 2 4 5 7 |  7.8
Shields        | 4 6 |  6.2
Maces & Flails | |  3.2
Dodging        | |  2.4
Stealth        | |  1.5

Action                   |  1- 3 |  4- 6 |  7- 9 || total
-------------------------+-------+-------+-------++-------
Melee: Mace              |    39 |   107 |    95 ||   241
  Use: Scroll            |     2 |     3 |     1 ||     6
       Potion            |       |     3 |       ||     3
Armor: Scale mail        |    11 |    75 |       ||    86
       Chain mail        |     2 |     4 |    51 ||    57
       Leather armour    |     1 |       |       ||     1
Dodge: Dodged            |    19 |    63 |    32 ||   114
Block: Kite shield       |     6 |    57 |    43 ||   106

Table legend: (Time is in decaauts)
 A = Elapsed time spent in this place.
 B = Non-inter-level travel time spent in this place.
 C = Inter-level travel time spent in this place.
 D = Time resting spent in this place.
 E = Time spent auto-exploring this place.
 F = Levels seen in this place.
 G = Mean time per level.
                   A        B        C        D        E       F      G
               +--------+--------+--------+--------+--------+-----+--------+
         Total |   4700 |   4626 |     74 |   1197 |   2635 |   5 |  940.0 |
       Dungeon |   4700 |   4626 |     74 |   1197 |   2635 |   5 |  940.0 |
               +--------+--------+--------+--------+--------+-----+--------+

Top non-repeatable levels by time:
     D:4: 1338 daAuts
     D:1: 1131 daAuts
     D:3: 1094 daAuts
     D:2: 941 daAuts
     D:5: 195 daAuts
